 Dungeon Crawl Stone Soup version 0.23.2 (webtiles) character file.

Game seed: 88942318221744844

1016 Borgoz the Sneak (level 8, -4/66 HPs)
             Began as a Ghoul Assassin on Apr 4, 2019.
             Slain by an iguana (6 damage)
             ... on level 5 of the Dungeon.
             The game lasted 00:08:18 (4530 turns).

Borgoz the Sneak (Ghoul Assassin)                   Turns: 4530, Time: 00:08:18

Health: -4/66      AC:  8    Str: 15    XL:     8   Next: 21%
Magic:  7/7        EV:  6    Int:  7    God:
Gold:   255        SH:  0    Dex: 11    Spells: 7/7 levels left

rFire    . . .     SeeInvis .   a - +2 short sword (speed)
rCold    + . .     Gourm    .   (no shield)
rNeg     + + +     Faith    .   h - +0 ring mail
rPois    ∞         Spirit   .   (no helmet)
rElec    .         Reflect  .   d - +0 cloak
rCorr    .         Harm     .   (no gloves)
MR       .....                  (no boots)
Stlth    ++........             (no amulet)
HPRegen  0.00/turn              (no ring)
MPRegen  0.10/turn              v - +2 ring of protection

@: flying, held, rotting, lightly drained
A: rotting body, claws 1, carnivore, cold resistance 1, negative energy
resistance 3, inhibited regeneration, torment resistance, unbreathing
a: no special abilities


You were on level 5 of the Dungeon.
You were not hungry.

You visited 1 branch of the dungeon, and saw 5 of its levels.
You also visited: Sewer.

You collected 255 gold pieces.

Inventory:

Hand Weapons
 a - a +2 short sword of speed (weapon)
 b - a +0 blowgun
 c - a +0 hand crossbow
 s - a +3 dagger
Missiles
 e - 44 poisoned needles
 f - 2 curare-tipped needles
 k - 24 bolts
 q - 5 tomahawks (quivered)
Armour
 d - a +0 cloak (worn)
 h - a +0 ring mail (worn)
Jewellery
 v - a +2 ring of protection (right claw)
Wands
 t - a wand of iceblast (6)
 A - a wand of clouds (8)
Scrolls
 i - 5 scrolls of teleportation
 j - 5 scrolls of remove curse
 l - a scroll of amnesia
 n - 4 scrolls of identify
 x - a scroll of magic mapping {unknown}
 y - a scroll of fog {unknown}
Potions
 m - a potion of degeneration {unknown}
 o - 4 potions of flight
 p - a potion of might
 r - 2 potions of curing
 u - a potion of haste {unknown}
 w - a potion of lignification
Comestibles
 g - 9 rations
 z - 2 chunks of flesh


   Skills:
 + Level 4.2(3.7) Fighting
 * Level 4.4(4.0) Short Blades
 - Level 1.7(1.3) Throwing
 * Level 4.0(3.6) Armour
 * Level 4.2(3.8) Dodging
 + Level 5.7(5.3) Stealth


You had 7 spell levels left.
You didn't know any spells.
Your spell library contained the following spells:

 Spells                   Type           Power        Failure   Level  Hunger
 Magic Dart               Conj           #...         65%         1    ##.....
 Searing Ray              Conj           #.....       80%         2    ###....
 Dazzling Spray           Conj/Hex       #.....       95%         3    ####...
 Force Lance              Conj/Tloc      #.......     100%        4    #####..
 Fulminant Prism          Conj/Hex       #.........   100%        4    #####..
 Iskenderun's Mystic Bla  Conj           #.......     100%        4    #####..


Dungeon Overview and Level Annotations

Branches:
Dungeon (5/15)
 Temple: D:4-7

Altars:
Gozag


Innate Abilities, Weirdness & Mutations

Your body is rotting away.
You thrive on raw meat.
You are immune to poison.
You have sharp fingernails.
You are carnivorous and can eat meat at any time.
Your flesh is cold resistant. (rC+)
You are immune to negative energy. (rN+++)
You do not regenerate when monsters are visible.
You are immune to unholy pain and torment.
You can survive without breathing.


Message History

You feel better. The gnoll hits you!
* * * LOW HITPOINT WARNING * * *
The gnoll hits you from afar with a +0 spear.
* * * LOW HITPOINT WARNING * * *
The gnoll barely misses you.
It was a potion of lignification.
You feel woody for a moment. The gnoll barely misses you.
The gnoll hits you from afar with a +0 spear.
* * * LOW HITPOINT WARNING * * *
The gnoll hits you.
* * * LOW HITPOINT WARNING * * *
The gnoll barely misses you.
Okay, then.
Okay, then.
It was a potion of flight.
You feel very buoyant.
You fly up into the air.
The gnoll barely misses you. The gnoll completely misses you.
The gnoll hits you but does no damage. x2
The iguana bites you.
You die...

.....(........ .....#
.....................#
......[....... ......#
"............. ......#
=............. ......#
..........######.....#
..........#....#.....#
..........#....'.l...#
..........#....#@gg..#
#####.....#....#g....#
....#.....#....#.g...#
....#.....#....#.....#
....#.....#....#.....#
....#.....#....#.....#
....#.....#÷...#.....#
....'.....#....#.....#
....#.....#....#


You could see an iguana and 4 gnolls.

Vanquished Creatures
  A water moccasin (D:5)
  2 ogres
  A centaur (D:5)
  A big kobold (Sewer)
  A scorpion (D:4)
  A crimson imp (D:5)
  2 centaur skeletons
  2 hounds
  2 orc wizards (D:4)
  A bullfrog skeleton (D:4)
  An iguana (D:5)
  2 worker ants (D:5)
  11 adders
  A river rat (Sewer)
  4 oozes (Sewer)
  An adder zombie (D:5)
  5 worms
  4 dart slugs
  5 leopard geckos
  5 orcs
  7 giant cockroaches
  7 goblins
  9 hobgoblins
  11 kobolds
  3 quokkas
  4 ball pythons
  10 bats
  9 frilled lizards
  A jackal skeleton (D:5)
  A jackal zombie (D:5)
  A leopard gecko zombie (D:5)
  6 rats
122 creatures vanquished.

Notes
Turn   | Place    | Note
-------+----------+-------------------------------------------
     0 | D:1      | Borgoz the Ghoul Assassin began the quest for the Orb.
     0 | D:1      | Reached XP level 1. HP: 17/17 MP: 0/0
    75 | D:1      | Reached skill level 1 in Dodging
   142 | D:1      | Reached XP level 2. HP: 19/24 MP: 1/1
   409 | D:1      | Reached XP level 3. HP: 26/30 MP: 2/2
   670 | D:1      | Reached skill level 1 in Armour
  1103 | D:2      | HP: 1/30 [worm (7)]
  1353 | D:2      | Reached XP level 4. HP: 35/37 MP: 3/3
  1989 | D:3      | Reached XP level 5. HP: 22/44 MP: 4/4
  2336 | D:3      | Noticed an ogre
  2368 | D:3      | Killed an ogre
  2368 | D:3      | Reached XP level 6. HP: 25/51 MP: 5/5
  2462 | D:3      | Found a glowing drain.
  2480 | Sewer    | Entered a sewer
  2485 | Sewer    | Reached skill level 5 in Stealth
  3188 | D:4      | Found an opulent altar of Gozag.
  3255 | D:4      | Reached XP level 7. HP: 49/57 MP: 6/6
  3911 | D:5      | Entered Level 5 of the Dungeon
  3966 | D:5      | Got an encrusted ring mail
  3977 | D:5      | Identified the +4 ring mail "Ytixtusk" {*Corrode MR+++ MP+9
                  | Int+2} (You found it on level 5 of the Dungeon)
  4265 | D:5      | Reached XP level 8. HP: 61/66 MP: 7/7
  4529 | D:5      | HP: 3/66 [gnoll/+0 spear (5)]
  4530 | D:5      | Slain by an iguana

Skill      XL: |  1  2  3  4  5  6  7  8 |
---------------+-------------------------+-----
Dodging        | 1 2 3 4 |  4.2
Short Blades   | 2 3 4 |  4.4
Armour         | 1 2 3 4 |  4.0
Fighting       | 3 4 |  4.2
Stealth        | 5 |  5.7
Throwing       | |  1.7

Action                   |  1- 3 |  4- 6 |  7- 9 || total
-------------------------+-------+-------+-------++-------
Melee: Dagger            |   133 |   211 |       ||   344
       Short sword       |       |    90 |   201 ||   291
Evoke: Wand              |       |       |     2 ||     2
  Use: Scroll            |       |     7 |       ||     7
       Potion            |       |     4 |     3 ||     7
 Stab: Sleeping          |     6 |     5 |     4 ||    15
  Eat: Chunk             |     4 |     6 |     3 ||    13
Armor: Ring mail         |    48 |    72 |    42 ||   162
Dodge: Dodged            |    42 |   114 |    92 ||   248
